SNL (28 & UNDER)
GAINESVILLE GUIDOS @ KEY WEST BARRACUDAS
07/14/2026
 
TOP OF THE 1ST
Gainesville Guidos batting - Pitching for Key West Barracudas : LHP Luis Rodríguez
Pitching: LHP Luis Rodríguez
Batting: RHB Iván Moreno 0-0: Swinging Strike
0-1: Ball
1-1: Foul Ball, location: 2F
1-2: Foul Ball, location: 2F
1-2: Ball
2-2: Fly out, F7 (Flyball, 7S)
Batting: RHB John Little 0-0: Called Strike
0-1: Ball
1-1: Foul Ball, location: 2F
1-2: Ball
2-2: Foul Ball, location: 2F
2-2: Ball
3-2: Base on Balls
Batting: LHB Mark Owens 0-0: Ball
1-0: Called Strike
1-1: Swinging Strike
1-2: Strikes out looking
Batting: LHB António Cedeño 0-0: Called Strike
0-1: Swinging Strike
0-2: Foul Ball, location: 2F
0-2: Ball
1-2: Ball
2-2: Strikes out swinging
Top of the 1st over - 0 run(s), 0 hit(s), 0 error(s), 1 left on base; Gainesville 0 - Key West 0
BOTTOM OF THE 1ST
Key West Barracudas batting - Pitching for Gainesville Guidos : RHP Jimmy Bradley
Pitching: RHP Jimmy Bradley
Batting: SHB Rodney Birling 0-0: Called Strike
0-1: Swinging Strike
0-2: Strikes out looking
Batting: RHB Carlos Bravo 0-0: Ball
1-0: Called Strike
1-1: Foul Ball, location: 2F
1-2: Foul Ball, location: 2F
1-2: Foul Ball, location: 2F
1-2: Strikes out swinging
Batting: RHB Anastasio Villa 0-0: Hit by Pitch
Batting: LHB Domingo Ledesma 0-0: Called Strike
0-1: Foul Ball, location: 2F
0-2: Ball
1-2: DOUBLE (Flyball, 8LD)
Anastasio Villa to third
Runner from 3rd tries for Home, SAFE, no throw or cutoff
Batting: LHB Jake Wells 0-0: Called Strike
0-1: Ball
1-1: Ground out 4-3 (Groundball, 4MS)
Bottom of the 1st over - 1 run(s), 1 hit(s), 0 error(s), 1 left on base; Gainesville 0 - Key West 1
TOP OF THE 2ND
Gainesville Guidos batting - Pitching for Key West Barracudas : LHP Luis Rodríguez
Batting: RHB Kurt Walter 0-0: Ball
1-0: Foul Ball, location: 2F
1-1: Foul Ball, location: 2F
1-2: SINGLE (Line Drive, 6M)
Batting: RHB Kyle O'Day 0-0: SINGLE (Line Drive, 6MD)
Kurt Walter to second
Runner from 2nd tries for 3rd, SAFE, no throw or cutoff
Batting: RHB José Ortega 0-0: Called Strike
0-1: Ball
1-1: DOUBLE (Flyball, 9LM)
Kurt Walter scores
Kyle O'Day to third
Batting: SHB Will Evans 0-0: Ball
1-0: Ball
2-0: Called Strike
2-1: Called Strike
2-2: Ball
3-2: Ground out 6-3 (Groundball, 6)
Kyle O'Day scores
Batting: RHB Mark McDonald 0-0: Ball
1-0: Called Strike
1-1: Foul Ball, location: 2F
1-2: Ground out 5-3 (Groundball, 5)
Batting: RHB Iván Moreno 0-0: Called Strike
0-1: Ball
1-1: Ball
2-1: Foul Ball, location: 2F
2-2: Strikes out looking
Top of the 2nd over - 2 run(s), 3 hit(s), 0 error(s), 1 left on base; Gainesville 2 - Key West 1
BOTTOM OF THE 2ND
Key West Barracudas batting - Pitching for Gainesville Guidos : RHP Jimmy Bradley
Batting: LHB Daniel Byrd 0-0: Ground out 4-3 (Groundball, 13)
Batting: RHB Carlos Miranda 0-0: Called Strike
0-1: DOUBLE (Flyball, 89M)
Batting: RHB Dan Craft 0-0: Ball
1-0: Ground out 6-3 (Groundball, 6)
Batting: LHB Motoki Hirata 0-0: Called Strike
0-1: Called Strike
0-2: Ground out 1-3 (Groundball, 13)
Bottom of the 2nd over - 0 run(s), 1 hit(s), 0 error(s), 1 left on base; Gainesville 2 - Key West 1
TOP OF THE 3RD
Gainesville Guidos batting - Pitching for Key West Barracudas : LHP Luis Rodríguez
Batting: RHB John Little 0-0: Swinging Strike
0-1: Ball
1-1: Foul Ball, location: 2F
1-2: Ball
2-2: Ball
3-2: Strikes out looking
Batting: LHB Mark Owens 0-0: Swinging Strike
0-1: Ball
1-1: Called Strike
1-2: Foul Ball, location: 2F
1-2: Strikes out swinging
Batting: LHB António Cedeño 0-0: SINGLE (Groundball, 34)
Batting: RHB Kurt Walter 0-0: Foul Ball, location: 2F
0-1: Ball
1-1: Ball
2-1: Ball
3-1: Swinging Strike
3-2: Base on Balls
António Cedeño to second
Batting: RHB Kyle O'Day 0-0: Ball
1-0: Foul Ball, location: 2F
1-1: SINGLE (Groundball, 4D)
António Cedeño to third
Kurt Walter to second
Runner from 3rd tries for Home, SAFE, throw made at trailing runner, SAFE at third!
Batting: RHB José Ortega 0-0: Ball
1-0: Fly out, F9 (Flyball, 9M)
Top of the 3rd over - 1 run(s), 2 hit(s), 0 error(s), 2 left on base; Gainesville 3 - Key West 1
BOTTOM OF THE 3RD
Key West Barracudas batting - Pitching for Gainesville Guidos : RHP Jimmy Bradley
Batting: SHB Rodney Birling 0-0: Ground out 5-3 (Groundball, 56S)
Batting: RHB Carlos Bravo 0-0: Called Strike
0-1: Ball
1-1: Ball
2-1: Ball
3-1: Foul Ball, location: 2F
3-2: Base on Balls
Batting: RHB Anastasio Villa 0-0: Ball
1-0: Grounds into double play, 6-4-3 (Groundball, 6)
Bottom of the 3rd over - 0 run(s), 0 hit(s), 0 error(s), 0 left on base; Gainesville 3 - Key West 1
TOP OF THE 4TH
Gainesville Guidos batting - Pitching for Key West Barracudas : LHP Luis Rodríguez
Batting: SHB Will Evans 0-0: Ball
1-0: Called Strike
1-1: Ball
2-1: SINGLE (Line Drive, 56D)
Batting: RHB Mark McDonald 0-0: Ball
1-0: Called Strike
1-1: Ball
2-1: Foul Ball, location: 2F
2-2: SINGLE (Line Drive, 7S)
Will Evans to second
Batting: RHB Iván Moreno 0-0: Ball
1-0: Ball
2-0: SINGLE (Groundball, 34D)
Will Evans to third
Mark McDonald to second
Batting: RHB John Little 0-0: Called Strike
0-1: Ball
1-1: Ball
2-1: SINGLE (Line Drive, 34S)
Will Evans scores
Mark McDonald to third
Iván Moreno to second
Runner from 3rd tries for Home, SAFE, no throw or cutoff
Batting: LHB Mark Owens 0-0: Called Strike
0-1: Foul Ball, location: 2F
0-2: Strikes out swinging
Batting: LHB António Cedeño 0-0: Ball
1-0: Called Strike
1-1: Fly out, F8 (Flyball, 8LM)
Batting: RHB Kurt Walter 0-0: Ball
1-0: Called Strike
1-1: Ball
2-1: Ball
3-1: Foul Ball, location: 2F
3-2: Foul Ball, location: 2F
3-2: Base on Balls
Iván Moreno to third
John Little to second
Pitching: RHP Sean Harden
Batting: RHB Kyle O'Day 0-0: Called Strike
0-1: Foul Ball, location: 2F
0-2: Ball
1-2: Foul Ball, location: 2F
1-2: Ball
2-2: Foul Ball, location: 2F
2-2: Ball
3-2: Fly out, F9 (Flyball, 89XD)
Top of the 4th over - 2 run(s), 4 hit(s), 0 error(s), 3 left on base; Gainesville 5 - Key West 1
BOTTOM OF THE 4TH
Key West Barracudas batting - Pitching for Gainesville Guidos : RHP Jimmy Bradley
Batting: LHB Domingo Ledesma 0-0: Foul Ball, location: 2F
0-1: Ball
1-1: Called Strike
1-2: Foul Ball, location: 2F
1-2: Ball
2-2: Ball
3-2: Foul Ball, location: 2F
3-2: Base on Balls
Batting: LHB Jake Wells 0-0: Ball
1-0: Called Strike
Domingo Ledesma is caught stealing 2nd base
1-1: Called Strike
1-2: SINGLE (Line Drive, 56)
Batting: LHB Daniel Byrd 0-0: Ball
1-0: Ball
Reached via error on a dropped throw, E1
Jake Wells to second
Batting: RHB Carlos Miranda 0-0: Swinging Strike
0-1: Ball
1-1: Swinging Strike
1-2: Strikes out swinging
Batting: RHB Dan Craft 0-0: Ball
1-0: SINGLE (Line Drive, 9S)
Jake Wells to third
Daniel Byrd to second
Batting: LHB Motoki Hirata 0-0: Ground out 4-3 (Groundball, 34)
Bottom of the 4th over - 0 run(s), 2 hit(s), 1 error(s), 3 left on base; Gainesville 5 - Key West 1
TOP OF THE 5TH
Gainesville Guidos batting - Pitching for Key West Barracudas : RHP Sean Harden
Batting: RHB José Ortega 0-0: Called Strike
0-1: Called Strike
0-2: Strikes out swinging
Batting: SHB Will Evans 0-0: Foul Ball, location: 2F
0-1: Ball
1-1: Foul Ball, location: 2F
1-2: Ball
2-2: Foul Ball, location: 2F
2-2: Foul Ball, location: 2F
2-2: Strikes out swinging
Batting: RHB Mark McDonald 0-0: Ball
1-0: Foul Ball, location: 2F
1-1: Ball
2-1: Foul Ball, location: 2F
2-2: Ground out 5-3 (Groundball, 5)
Top of the 5th over - 0 run(s), 0 hit(s), 0 error(s), 0 left on base; Gainesville 5 - Key West 1
BOTTOM OF THE 5TH
Key West Barracudas batting - Pitching for Gainesville Guidos : RHP Jimmy Bradley
Batting: SHB Rodney Birling 0-0: Called Strike
0-1: Ground out 4-3 (Groundball, 4)
Batting: RHB Carlos Bravo 0-0: Ball
1-0: Called Strike
1-1: Called Strike
1-2: Strikes out swinging
Batting: RHB Anastasio Villa 0-0: Called Strike
0-1: Ball
1-1: Ball
2-1: Ball
3-1: Base on Balls
Batting: LHB Domingo Ledesma 0-0: Called Strike
0-1: Ball
1-1: Ball
2-1: Ball
3-1: Base on Balls
Anastasio Villa to second
Batting: LHB Jake Wells 0-0: Ball
1-0: Ball
2-0: Called Strike
2-1: Called Strike
2-2: Hit by Pitch
Anastasio Villa to third
Domingo Ledesma to second
Pitching: RHP Juan Mora
Batting: LHB Daniel Byrd 0-0: Called Strike
0-1: Fly out, F4 (Line Drive, 4)
Bottom of the 5th over - 0 run(s), 0 hit(s), 0 error(s), 3 left on base; Gainesville 5 - Key West 1
TOP OF THE 6TH
Gainesville Guidos batting - Pitching for Key West Barracudas : RHP Sean Harden
Batting: RHB Iván Moreno 0-0: Called Strike
0-1: Ball
1-1: Foul Ball, location: 2F
1-2: Strikes out swinging
Batting: RHB John Little 0-0: Ball
1-0: Called Strike
1-1: Fly out, F3 (Line Drive, 3)
Pitching: RHP Gabe Lewis
Batting: LHB Mark Owens 0-0: Fly out, F7 (Flyball, 7D)
Top of the 6th over - 0 run(s), 0 hit(s), 0 error(s), 0 left on base; Gainesville 5 - Key West 1
BOTTOM OF THE 6TH
Key West Barracudas batting - Pitching for Gainesville Guidos : RHP Juan Mora
Batting: RHB Carlos Miranda 0-0: Foul Ball, location: 2F
0-1: Ball
1-1: Swinging Strike
1-2: Ball
2-2: Ball
3-2: SINGLE (Groundball, 6M)
Batting: RHB Dan Craft 0-0: Called Strike
0-1: Swinging Strike
0-2: Fly out, F9 (Flyball, 9M)
Batting: LHB Motoki Hirata 0-0: Ball
1-0: Called Strike
Carlos Miranda is caught stealing 2nd base
1-1: Ball
2-1: Fly out, F7 (Flyball, 7M)
Bottom of the 6th over - 0 run(s), 1 hit(s), 0 error(s), 0 left on base; Gainesville 5 - Key West 1
TOP OF THE 7TH
Gainesville Guidos batting - Pitching for Key West Barracudas : RHP Gabe Lewis
Batting: LHB António Cedeño 0-0: Ball
1-0: Ball
2-0: SINGLE (Line Drive, 34)
Batting: RHB Kurt Walter 0-0: Swinging Strike
0-1: Foul Ball, location: 2F
0-2: Strikes out swinging
Batting: RHB Kyle O'Day 0-0: Fly out, F4 (Popup, 3D)
Batting: RHB José Ortega 0-0: Fly out, F7 (Flyball, 7S)
Top of the 7th over - 0 run(s), 1 hit(s), 0 error(s), 1 left on base; Gainesville 5 - Key West 1
BOTTOM OF THE 7TH
Key West Barracudas batting - Pitching for Gainesville Guidos : RHP Juan Mora
Batting: SHB Rodney Birling 0-0: Ball
1-0: Ball
2-0: Called Strike
2-1: Foul Ball, location: 2F
2-2: Foul Ball, location: 2F
2-2: Ground out 1-3 (Groundball, 25)
Batting: RHB Carlos Bravo 0-0: Called Strike
0-1: Ball
1-1: Foul Ball, location: 2F
1-2: Ball
2-2: Foul Ball, location: 2F
2-2: Ball
3-2: Base on Balls
Batting: RHB Anastasio Villa 0-0: Ball
1-0: Ball
2-0: DOUBLE (Line Drive, 7LD)
Carlos Bravo to third
Batting: LHB Domingo Ledesma 0-0: Ball
1-0: Fly out, F7 (Flyball, 7LD)
Runner from 3rd tags up, SCORES, no throw
Batting: LHB Jake Wells 0-0: Ball
1-0: Ball
2-0: Ball
3-0: Called Strike
3-1: Base on Balls
Batting: LHB Daniel Byrd 0-0: Ball
1-0: Ball
2-0: SINGLE (Groundball, 4M)
Anastasio Villa to third
Jake Wells to second
Runner from 3rd tries for Home, SAFE, throw made home
Pinch Hitting: RHB Joe Bailey 0-0: Called Strike
0-1: Ball
1-1: Ball
2-1: Swinging Strike
2-2: Ball
3-2: Base on Balls
Jake Wells to third
Daniel Byrd to second
Pitching: RHP Josh Higgins
Batting: RHB Dan Craft 0-0: Called Strike
0-1: Ball
1-1: Foul Ball, location: 2F
1-2: Strikes out swinging
Bottom of the 7th over - 2 run(s), 2 hit(s), 0 error(s), 3 left on base; Gainesville 5 - Key West 3
TOP OF THE 8TH
Gainesville Guidos batting - Pitching for Key West Barracudas : RHP Gabe Lewis
Now at 3B: Joe Bailey
Batting: SHB Will Evans 0-0: Swinging Strike
0-1: Ball
1-1: SOLO HOME RUN (Flyball, 7LD), Distance : 344 ft
Batting: RHB Mark McDonald 0-0: SINGLE (Flyball, 7LM)
Batting: RHB Iván Moreno 0-0: Sac Bunt - play at first, batter OUT! 5-4
Mark McDonald to second
Batting: RHB John Little 0-0: Called Strike
0-1: Swinging Strike
0-2: Strikes out swinging
Batting: LHB Mark Owens 0-0: Called Strike
0-1: Ball
1-1: Called Strike
1-2: Strikes out looking
Top of the 8th over - 1 run(s), 2 hit(s), 0 error(s), 1 left on base; Gainesville 6 - Key West 3
BOTTOM OF THE 8TH
Key West Barracudas batting - Pitching for Gainesville Guidos : RHP Josh Higgins
Batting: LHB Motoki Hirata 0-0: Fly out, F8 (Flyball, 8RXD)
Batting: SHB Rodney Birling 0-0: Swinging Strike
0-1: Called Strike
0-2: SINGLE (Groundball, 5D)
Pitching: RHP Marlon Ryan
Batting: RHB Carlos Bravo 0-0: Ball
1-0: Ball
2-0: Reached on error, E6 (Groundball, 6)
Rodney Birling to second
Batting: RHB Anastasio Villa 0-0: Called Strike
0-1: Ball
1-1: Foul Ball, location: 2F
1-2: Foul Ball, location: 2F
1-2: Strikes out swinging
Pitching: LHP Kelly Henry
Batting: LHB Domingo Ledesma 0-0: Called Strike
0-1: Ball
1-1: Foul Ball, location: 2F
1-2: Strikes out swinging
Bottom of the 8th over - 0 run(s), 1 hit(s), 1 error(s), 2 left on base; Gainesville 6 - Key West 3
TOP OF THE 9TH
Gainesville Guidos batting - Pitching for Key West Barracudas : RHP Gabe Lewis
Batting: LHB António Cedeño 0-0: SINGLE (Groundball, 34D)
Batting: RHB Kurt Walter 0-0: Called Strike
0-1: Ball
1-1: Ball
2-1: Called Strike
2-2: Foul Ball, location: 2F
2-2: Ball
3-2: Strikes out swinging
Batting: RHB Kyle O'Day 0-0: Called Strike
0-1: Called Strike
0-2: Ball
1-2: Ball
2-2: Ground out 5-3 (Groundball, 56S)
António Cedeño to second
Batting: RHB José Ortega 0-0: Swinging Strike
0-1: Fly out, F9 (Flyball, 9M)
Top of the 9th over - 0 run(s), 1 hit(s), 0 error(s), 1 left on base; Gainesville 6 - Key West 3
BOTTOM OF THE 9TH
Key West Barracudas batting - Pitching for Gainesville Guidos : LHP Kelly Henry
Pitching: LHP Ben Head
Batting: LHB Jake Wells 0-0: Foul Ball, location: 2F
0-1: Ball
1-1: Foul Ball, location: 2F
1-2: Foul Ball, location: 2F
1-2: Foul Ball, location: 2F
1-2: Strikes out swinging
Batting: LHB Daniel Byrd 0-0: Ball
1-0: Ball
2-0: Foul Ball, location: 2F
2-1: Fly out, F7 (Flyball, 78M)
Batting: RHB Joe Bailey 0-0: Ball
1-0: Foul Ball, location: 2F
1-1: Ground out 4-3 (Groundball, 34)
Bottom of the 9th over - 0 run(s), 0 hit(s), 0 error(s), 0 left on base; Gainesville 6 - Key West 3
Monday, December 5th, 2016 - OOTP Baseball 17.12 Build 75